 Dungeon Crawl Stone Soup version 0.18-a0-1202-g796ae12 (webtiles) character file.

3277 M4edhros the Covert (level 10, 0/58 HPs)
             Began as an Octopode Artificer on Jan 31, 2016.
             Was an Initiate of Fedhas.
             Slain by an ogre
             ... wielding a +0 giant club
              (24 damage)
             ... on level 8 of the Dungeon.
             The game lasted 00:14:28 (6974 turns).

M4edhros the Covert (Octopode Artificer)            Turns: 6974, Time: 00:14:28

Health: 0/58       AC:  1    Str: 10    XL:     10   Next: 0%
Magic:  24/24      EV: 17    Int: 18    God:    Fedhas [......]
Gold:   236        SH:  0    Dex: 13    Spells: 0 memorised, 9 levels left

rFire  + + .     SeeInvis .     h - -1 blowgun
rCold  . . .     Gourm    .     (no shield)
rNeg   . . .     Faith    .     (helmet restricted)
rPois  .         Spirit   .     e - amulet of dismissal
rElec  .         Dismiss  +     o - ring of protection from fire
rCorr  .         Reflect  .     x - ring of magical power
SustAt .         Harm     .     K - ring of protection from fire
MR     +....                    F - ring of protection from magic
Stlth  +++++++...               (no ring)
                                (no ring)
                                (no ring)
                                (no ring)

@: somewhat resistant to hostile enchantments, extremely stealthy
A: almost no armour, amphibious, 8 rings, constrict 8, camouflage 1, gelatinous
body 1
a: Renounce Religion


You were on level 8 of the Dungeon.
You worshipped Fedhas.
Fedhas was noncommittal.
You were hungry.

You visited 2 branches of the dungeon, and saw 10 of its levels.

You collected 236 gold pieces.

Inventory:

Hand Weapons
 a - a +0 short sword
 h - a -1 blowgun (weapon)
 m - a +0 morningstar of protection
 w - a +3 dagger of electrocution
Missiles
 i - 30 poisoned needles (quivered)
 l - 184 stones
 r - 3 steel javelins
 y - 4 needles of slowing
 N - 13 exploding sling bullets
Jewellery
 e - an amulet of dismissal (around mantle)
 o - a ring of protection from fire (left tentacle)
 x - a ring of magical power (right tentacle)
 F - a ring of protection from magic (on tentacle)
 K - a ring of protection from fire (on tentacle)
Wands
 b - a wand of flame (7/48)
 c - a wand of enslavement (6/24)
 d - a wand of random effects (29/48)
 s - a wand of digging (12/24)
 u - a wand of flame (21/48)
 P - a wand of flame (9/48)
 Q - a wand of paralysis (15/24)
Scrolls
 j - a scroll of immolation {unknown}
 n - 3 scrolls of amnesia
 t - 2 scrolls of teleportation
 A - 2 scrolls of blinking
 C - a scroll of identify
 I - a scroll of fog {unknown}
 L - a scroll of remove curse
 M - a scroll of summoning {unknown}
 O - a scroll of enchant weapon
Potions
 k - 2 potions of resistance
 q - 2 potions of brilliance
 v - 3 potions of lignification
 E - a potion of curing
 H - 2 potions of haste {unknown}
 J - a potion of poison {unknown}
Comestibles
 f - 5 bread rations
 g - 2 slices of pizza
 p - 5 meat rations
 z - 2 fruits
 B - a royal jelly
 G - a beef jerky


   Skills:
 - Level 1.0 Fighting
 - Level 1.0 Short Blades
 * Level 9.0 Dodging
 * Level 12.1 Stealth
 + Level 7.5 Evocations


You had 9 spell levels left.
You didn't know any spells.

Dungeon Overview and Level Annotations

Branches:
Dungeon (9/15)             Temple (1/1) D:4             Orc (0/2) D:9
   Lair: D:8-11

Altars:
Ashenzari
Cheibriados
Dithmenos
Elyvilon
Fedhas
Gozag
Kikubaaqudgha
Makhleb
Nemelex Xobeh
Okawaru
Pakellas
Ru
Sif Muna
Trog
Vehumet
Yredelemnul
Zin
The Shining One

Shops:
D:9 (


Innate Abilities, Weirdness & Mutations

You cannot wear most types of armour.
You are amphibious.
You can wear up to eight rings at the same time.
You can use your tentacles to constrict eight enemies at once.
Your skin changes colour to match your surroundings (Stealth).
Your rubbery body absorbs attacks (AC +1).


Message History

You see here 2 poisoned needles.
You completely miss the orc. You grab the orc. Your squeeze misses the orc.
You constrict the orc. The orc hits you with a hand axe.
You puncture the orc!
You kill the orc!
The ogre hits you with a giant club!!
You see here a poisoned needle.
You barely miss the ogre. The ogre closely misses you.
You barely miss the ogre. The ogre hits you with a giant club!
The ogre completely misses you.
Wield which item (- for none, * to show all)? (? for menu, Esc to quit)
You feel less protected.
h - a -1 blowgun (weapon)
Firing (i - inventory. (,) - cycle):
i - 31 poisoned needles (quivered)
Press: ? - help, Shift-Dir - straight line, f - ogre
Aim: an ogre, wielding a giant club You shoot a poisoned needle.
The poisoned needle hits the ogre!
The ogre is poisoned.
The ogre hits you with a giant club!!
You die...
Fedhas appreciates your contribution to the ecosystem.

#.......#....# #.#..
.... #..(....#.##.#
#.#.. .....
#.......####.# #.#..
.....
###)###......###.#..
.....### #.#
#########..###
......###.# #.#
#..### .....##.###.#
.# #.....
#o#####..##.....#...#
#..###
#........)(@O#..#...#
#..#
############.#..#...#
#..### #.##.#...#
#.)... #.##.#...#
#..... #.##.....#
#..... #.##.....#
#..... #.##P....#
#..... #<##.#...#
#..### ####.#.###
#..#


You could see an ogre.

Vanquished Creatures
  Psyche (D:8)
  A two-headed ogre (D:4)
  Grinder (D:6)
  Sigmund (D:5)
  Menkaure (D:6)
  2 sky beasts
  An orc warrior (D:8)
  2 black bears
  An ice beast (D:9)
  5 ogres
  2 centaurs
  A crocodile (D:9)
  A giant frog (D:9)
  3 scorpions
  A water moccasin skeleton (D:9)
  A crimson imp (D:5)
  2 giant frog zombies
  A jelly (D:6)
  A centaur zombie (D:8)
  2 giant frog skeletons
  2 hounds
  A centaur skeleton (D:9)
  A gnoll (D:4)
  3 iguanas
  3 worker ants
  A hound skeleton (D:6)
  10 adders
  A shadow imp (D:8)
  2 oozes (D:5)
  3 adder skeletons
  3 worms
  6 giant geckos
  13 orcs
  7 giant cockroaches
  11 goblins
  7 hobgoblins
  10 jackals
  3 quokkas
  5 bats
  8 giant newts
  A jackal skeleton (D:4)
  8 kobolds
  A quokka skeleton (D:6)
  4 rats
145 creatures vanquished.

Vanquished Creatures (collateral kills)
  A sky beast (D:6)
  A crimson imp (D:8)
  3 gnolls (D:4)
  An orc (D:8)
6 creatures vanquished.

Vanquished Creatures (others)
  Pikel (D:6)
  A centaur (D:8)
  9 toadstools (D:8)
11 creatures vanquished.

Grand Total: 162 creatures vanquished

Notes
Turn   | Place    | Note
--------------------------------------------------------------
     0 | D:1      | M4edhros the Octopode Artificer began the quest for the Orb.
     0 | D:1      | Reached XP level 1. HP: 13/13 MP: 3/3
    43 | D:1      | You fall through a shaft!
   248 | D:3      | Reached XP level 2. HP: 15/18 MP: 4/4
   299 | D:4      | Noticed an ogre
   313 | D:4      | Killed an ogre
   313 | D:4      | Reached XP level 3. HP: 7/23 MP: 5/5
   313 | D:4      | Reached XP level 4. HP: 8/28 MP: 6/6
   548 | D:4      | Reached skill level 4 in Stealth
   548 | D:4      | Reached XP level 5. HP: 33/33 MP: 6/8
   668 | D:4      | Noticed a two-headed ogre
   680 | D:4      | Killed a two-headed ogre
   680 | D:4      | Reached skill level 5 in Stealth
   680 | D:4      | Reached XP level 6. HP: 38/38 MP: 9/9
   838 | D:4      | Reached skill level 6 in Stealth
   840 | D:4      | Reached XP level 7. HP: 20/43 MP: 10/10
  1150 | D:4      | Reached skill level 5 in Dodging
  1224 | D:4      | Found a staircase to the Ecumenical Temple.
  1239 | Temple   | Entered the Ecumenical Temple
  1263 | Temple   | Reached skill level 5 in Evocations
  2033 | D:2      | Reached skill level 7 in Stealth
  3436 | D:5      | Entered Level 5 of the Dungeon
  3689 | D:5      | Noticed Sigmund
  3712 | D:5      | Killed Sigmund
  3712 | D:5      | Reached skill level 8 in Stealth
  3712 | D:5      | Reached XP level 8. HP: 20/48 MP: 12/12
  4354 | D:6      | Reached skill level 9 in Stealth
  4444 | D:6      | Noticed Menkaure
  4593 | D:6      | Killed Menkaure
  4669 | D:6      | Noticed Grinder
  4672 | D:6      | Killed Grinder
  4672 | D:6      | Reached skill level 10 in Stealth
  4893 | D:6      | Noticed Pikel
  4897 | D:6      | Reached XP level 9. HP: 53/53 MP: 13/13
  4946 | D:6      | Gained mutation: Your spells are a little harder to cast, but a little more powerful. [mutagenic meat]
  5020 | D:6      | Killed Pikel
  5673 | D:8      | Found a glowing silver altar of Zin.
  5676 | D:8      | Found a blossoming altar of Fedhas.
  5778 | D:9      | Reached skill level 11 in Stealth
  5817 | D:9      | Found a staircase to the Orcish Mines.
  5872 | D:9      | Found a burning altar of Makhleb.
  6043 | D:9      | Found Neogeupo's Weapon Shoppe.
  6402 | D:8      | Found a radiant altar of Vehumet.
  6402 | D:8      | Found an ancient bone altar of Kikubaaqudgha.
  6405 | D:8      | Found a bloodstained altar of Trog.
  6408 | D:8      | Became a worshipper of Fedhas Madash
  6548 | D:8      | Noticed Psyche
  6578 | D:8      | Lost mutation: Your spells are a little harder to cast, but a little more powerful. [potion of cure mutation]
  6605 | D:8      | Killed Psyche
  6703 | D:8      | Reached skill level 12 in Stealth
  6936 | D:8      | Reached XP level 10. HP: 58/58 MP: 15/15
  6974 | D:8      | Slain by an ogre

Vault maps used:
D:1:      dpeg_arrival_round_b, serial_park_tiny_2
D:4:      minmay_opposing_rooms, minmay_temple_entry_junction,
          hangedman_decor_peaks_small
D:5:      first_bread, minmay_crystal_water, uniq_sigmund
D:6:      st_stairs_9, uniq_pikel, uniq_menkaure, uniq_grinder
D:8:      minitemple, nicolae_overflow_hidden_temple, uniq_psyche
D:9:      nicolae_overflow_crystal_walls, orc_0_dummy, serial_shops,
          shop_fountains
Temple:   circular_temple_pool_12

Action                   |  1- 3 |  4- 6 |  7- 9 | 10-12 || total
-------------------------+-------+-------+-------+-------++-------
Melee: Short sword       |    12 |       |       |       ||    12
       Blowgun           |       |    16 |    89 |       ||   105
       Dagger            |       |       |    89 |       ||    89
       Morningstar       |       |       |       |     8 ||     8
 Fire: Blowgun           |     5 |    37 |   193 |     1 ||   236
Evoke: Wand              |     2 |     1 |    23 |       ||    26
  Use: Scroll            |       |       |    12 |       ||    12
       Potion            |       |       |     7 |       ||     7
 Stab: Sleeping          |     3 |     7 |    60 |       ||    70
       Confused          |     1 |       |       |       ||     1
       Distracted        |       |       |     4 |       ||     4
  Eat: Chunk             |       |       |    13 |       ||    13
       Meat ration       |       |       |     1 |       ||     1
       Royal jelly       |       |       |     1 |       ||     1
